 Dungeon Crawl Stone Soup version 0.27.0-1-g7a08968 (webtiles) character file.

Game seed: 2858841281319007298

83 PanicHappy the Digger (level 4, -3/33 HPs)
             Began as a Ghoul Earth Elementalist on Sept 16, 2021.
             Slain by a sky beast (4 damage)
             ... on level 6 of the Dungeon.
             The game lasted 00:09:25 (2294 turns).

PanicHappy the Digger (Ghoul Earth Elementalist)    Turns: 2294, Time: 00:09:26

Health: -3/33      AC:  6    Str: 11    XL:     4   Next: 44%
Magic:  2/6        EV: 12    Int: 11    God:
Gold:   138        SH:  0    Dex: 15    Spells: 3/7 levels left

rFire    . . .     SeeInvis .   d - +2 short sword (protect)
rCold    + . .     Faith    .   (no shield)
rNeg     + + +     Spirit   .   b - +0 robe
rPois    ∞         Reflect  .   (no helmet)
rElec    .         Harm     .   (no cloak)
rCorr    .         Rampage  .   (no gloves)
Will     .....                  (no boots)
Stlth    ++........             (no amulet)
HPRegen  0.00/turn              a - +6 ring of dexterity
MPRegen  0.10/turn              m - +4 ring of protection

@: inhibited regen
A: claws 1, cold resistance 1, negative energy resistance 3, inhibited
regeneration, torment resistance 2
a: no special abilities


You were on level 6 of the Dungeon.
You visited 1 branch of the dungeon, and saw 5 of its levels.

You collected 138 gold pieces.

Inventory:

Hand Weapons
 d - a +2 short sword of protection (weapon)
 h - a +0 dagger of venom
Missiles
 c - 49 stones
Armour
 b - a +0 robe (worn)
 e - a +0 leather armour
Jewellery
 a - a +6 ring of dexterity (left claw)
 m - a +4 ring of protection (right claw)
Wands
 i - a wand of digging (6)
Scrolls
 j - a scroll of vulnerability {unknown}
 l - 2 scrolls of identify {unknown}
Potions
 f - 4 potions of curing {unknown}
 g - a potion of degeneration {unknown}
 k - a potion of berserk rage {unknown}
 n - a potion of flight {unknown}


   Skills:
 + Level 0.2 Fighting
 + Level 0.7 Short Blades
 + Level 2.1 Dodging
 + Level 2.4 Stealth
 + Level 0.1 Unarmed Combat
 + Level 2.3 Spellcasting
 + Level 1.0 Transmutations
 + Level 4.5 Earth Magic


You had 3 spell levels left.
You knew the following spells:

 Your Spells              Type           Power      Damage    Failure   Level
a - Sandblast             Erth           22%        2d7       4%          1
b - Stone Arrow           Conj/Erth      12%        3d7       32%         3

Your spell library contained the following spells:

 Spells                   Type           Power      Damage    Failure   Level
 Passwall                 Tmut/Erth      5%         N/A       14%         2
 Static Discharge         Conj/Air       1%         N/A       38%         2
 Dazzling Flash           Conj/Hex       2%         N/A       63%         3
 Petrify                  Tmut/Erth      7%         N/A       65%         4
 Iskenderun's Mystic Bla  Conj/Tloc      1%         2d3       95%         4
 Lightning Bolt           Conj/Air       0%         1d11      100%        5
 Starburst                Conj/Fire      0%         8x6d3     100%        6
 Maxwell's Capacitive Co  Air            0%         ∞         100%        8


Dungeon Overview and Level Annotations

Branches:
Dungeon (3/15)

Altars:
Cheibriados


Innate Abilities, Weirdness & Mutations

You thrive by killing the living.
You are immune to poison.
You have sharp fingernails.
Your flesh is cold resistant. (rC+)
You are immune to negative energy. (rN+++)
You do not regenerate when monsters are visible.
You are immune to unholy pain and torment.


Message History

The spell is quite dangerous to cast (32% risk of failure)!
Continue anyway?
Okay, then.
Unknown command.
Casting: Stone Arrow (quite dangerous; 32% risk of failure)
Confirm with . or Enter, or press ? or * to list all spells.
The spell is quite dangerous to cast (32% risk of failure)!
Continue anyway?
Aiming: Stone Arrow (quite dangerous; 32% risk of failure)
Press: ? - help, Shift-Dir - straight line, f/p - white imp
Aim: a white imp (lightly wounded, 64% to hit)
You miscast Stone Arrow.
You are very lightly contaminated with residual magic.
Sparks fly from your claws.
The white imp hits you but does no damage.
You are too depleted to draw on your mana recklessly!
A white imp is nearby!
You hit the white imp.
Your weapon exudes an aura of protection.
The white imp is moderately wounded.
The white imp gestures at you.
The puff of frost hits you but does no damage.
You hit the white imp.
The white imp is severely wounded.
The white imp hits you. The white imp freezes you. You resist.
You hit the white imp but do no damage.
The white imp is severely wounded.
Something hits you. Something shocks you.
* * * LOW HITPOINT WARNING * * *
The white imp hits you but does no damage.
You hit the white imp.
You kill the white imp!
Something hits you.
* * * LOW HITPOINT WARNING * * *
Something shocks you.
* * * LOW HITPOINT WARNING * * *
Your magical contamination has completely faded away.
You are too injured to fight recklessly!
A sky beast appears from thin air!
Reactivating autopickup.
The sky beast hits you.
You die...

.......##............#
.....................###
....###.##..............
. #.###..........# #.#
#..........# #.#
#......(#### #.#
#.......# #.###########
#.Y@....... ###########


You could see a sky beast.

Vanquished Creatures
  3 adders (D:2)
  A white imp (D:6)
  2 dart slugs
  3 ball pythons
  7 endoplasms
  2 giant cockroaches
  5 hobgoblins
  A quokka (D:3)
  6 bats
  4 frilled lizards
  4 goblins
  5 kobolds
  3 rats
46 creatures vanquished.

Notes
Turn   | Place    | Note
-------+----------+-------------------------------------------
     0 | D:1      | PanicHappy the Ghoul Earth Elementalist began the quest for
                  | the Orb.
     0 | D:1      | Reached XP level 1. HP: 14/14 MP: 2/2
   475 | D:1      | Reached XP level 2. HP: 20/20 MP: 3/3
   538 | D:1      | Found a faded altar of an unknown god.
   801 | D:1      | Reached skill level 1 in Transmutations
  1115 | D:2      | Reached XP level 3. HP: 26/26 MP: 2/5
  1150 | D:2      | Learned a level 3 spell: Stone Arrow
  1463 | D:2      | Reached skill level 4 in Earth Magic
  1524 | D:2      | Reached XP level 4. HP: 30/33 MP: 2/6
  1584 | D:2      | Found a snail-covered altar of Cheibriados.
  2172 | D:3      | You fall into a shaft and drop 2 floors!
  2172 | D:5      | Entered Level 5 of the Dungeon
  2254 | D:5      | You fall into a shaft and drop 1 floor!
  2270 | D:6      | Noticed a sky beast
  2278 | D:6      | HP: 1/33 [something (6)]
  2294 | D:6      | Slain by a sky beast

Illustrated notes

Levels and vault maps discovered:
D:1:      giann_forest_graveyard, layout_loops_ring,
          ebering_ecumenical_altar_box, minmay_misc_feat_rugged,
          minmay_pentomino_v2
D:2:      layout_basic, basic_altar, serial_park_tiny_pond
D:3:      layout_loops_corners, minivault_24, kennysheep_orc_chapel
D:5:      lemuel_ice_spiral_2, layout_basic, nicolae_uskayaw_dance_hall,
          kiku_gazebo_garden_becter, solitary_fountain, st_stairs_5
D:6:      layout_basic, mainiacjoe_overflow_catwalk_spiral,
          minmay_temple_entry_stoned_glass

Skill      XL: |  1  2  3 |
---------------+----------+-----
Dodging        | 2 |  2.1
Spellcasting   | 2 |  2.3
Transmutations | 1 |  1.0
Earth Magic    | 4 |  4.5
Fighting       | |  0.2
Short Blades   | |  0.7
Stealth        | |  2.4
Unarmed Combat | |  0.1

Action                   |  1- 3 |  4- 6 || total
-------------------------+-------+-------++-------
Melee: Short sword       |    31 |     6 ||    37
       Unarmed           |     8 |       ||     8
 Cast: Sandblast         |    39 |    15 ||    54
       Stone Arrow       |     1 |       ||     1
 Stab: Sleeping          |     2 |       ||     2
Armor: Robe              |    15 |     3 ||    18
Dodge: Dodged            |    27 |     5 ||    32
